Map: Blood Boil LE

Players

Nerchio

  • Race: Zerg Zerg
  • Spawn Location: 11:00

PtitDrogo - Winner!

  • Race: Protoss Protoss
  • Spawn Location: 5:00

Event: WCS Jonkoping 2017

VOD

Have the link to the VOD?

Description

Time

  • Played on: June 18, 2017, 6:52 a.m.
  • Length: 11:14

All games in this series

Show
View Real Time Build Order
Export as new Build Order

Nerchio Zerg 

Build Orders: Hatch First, Muta Ling Bane 

Get SALT Encoding   

  12  0:00  Unknown, Drone  
  13  0:12  Overlord  
  13  0:17  Drone  
  14  0:30  Drone x2  
  14  0:34  Drone  
  17  0:55  Hatchery  
  17  0:56  Drone  
  17  0:59  Drone  
  18  1:07  Extractor  
  17  1:14  Spawning Pool  
  17  1:17  Drone  
  17  1:21  Drone  
  18  1:28  Drone  
  19  1:38  Overlord  
  19  1:50  Drone  
  20  2:01  Queen, Zergling x2  
  20  2:06  Queen  
  20  2:07  Zergling x2  
  26  2:10  Metabolic Boost  
  26  2:15  Drone  
  27  2:18  Drone  
  28  2:25  Drone  
  28  2:28  Drone  
  30  2:32  Drone  
  31  2:47  Hatchery  
  31  2:50  Drone  
  31  2:53  Drone  
  32  3:00  Drone x2, Overlord  
  32  3:04  Drone  
  35  3:09  Drone  
  35  3:12  Overlord  
  36  3:17  Queen  
  36  3:18  Drone x2  
  36  3:19  Drone  
  41  3:20  Drone  
  41  3:23  Drone  
  41  3:24  Drone  
  44  3:31  Drone  
  44  3:32  Roach Warren  
  44  3:33  Drone  
  45  3:43  Extractor, Drone x5  
  45  3:44  Extractor  
  45  3:46  Drone x2  
  50  3:51  Overlord  
  50  3:52  Queen  
  52  3:58  Overlord  
  52  4:07  Overlord  
  52  4:10  Drone  
  52  4:12  Roach x3  
  52  4:13  Roach x2  
  52  4:14  Roach  
  65  4:19  Spore Crawler, Drone x2  
  66  4:34  Lair  
  66  4:37  Spore Crawler  
  65  4:38  Roach  
  65  4:39  Roach x4  
  65  4:43  Zergling x8  
  79  4:48  Spore Crawler, Overlord  
  78  4:53  Overlord  
  78  4:58  Queen  
  80  5:04  Drone x2  
  82  5:07  Drone x4  
  82  5:08  Drone x2  
  82  5:14  Drone x2  
  89  5:16  Drone  
  89  5:19  Drone  
  89  5:20  Drone x2  
  93  5:29  Roach x2  
  93  5:30  Overlord  
  93  5:33  Drone x3  
  93  5:34  Drone x2  
  93  5:35  Drone  
  97  5:38  Queen  
  97  5:40  Drone  
  97  5:41  Glial Reconstitution  
  98  5:49  Extractor x3, Overlord  
  95  5:50  Spire, Overlord  
  95  5:54  Overseer x2  
  94  5:59  Drone x3  
  94  6:01  Drone  
  94  6:02  Drone  
  91  6:08  Drone  
  91  6:10  Drone  
  91  6:12  Drone x2  
  91  6:13  Drone x2  
  91  6:16  Drone  
  96  6:23  Evolution Chamber, Roach  
  96  6:25  Roach x2  
  101  6:32  Roach  
  103  6:35  Hatchery  
  103  6:39  Roach  
  108  6:40  Roach x4  
  108  6:41  Spore Crawler  
  108  6:43  Roach  
  108  6:46  Overlord  
  111  6:48  Overlord, Zerg Missile Weapons Level 1  
  111  6:50  Overseer  
  111  6:53  Drone x3  
  113  7:00  Drone x3  
  113  7:01  Drone x2  
  117  7:09  Mutalisk x2  
  117  7:11  Mutalisk  
  117  7:12  Mutalisk  
  117  7:15  Mutalisk  
  127  7:22  Overlord x2  
  127  7:23  Baneling Nest  
  127  7:26  Drone x3  
  127  7:27  Drone  
  127  7:29  Drone  
  131  7:30  Drone  
  131  7:31  Drone  
  131  7:33  Overlord  
  131  7:34  Overlord  
  133  7:38  Overlord  
  133  7:39  Overlord  
  133  7:50  Overlord  
  133  7:51  Evolution Chamber  
  133  7:53  Ravager x11  
  133  7:56  Overlord  
  133  7:57  Roach x3  
  133  7:58  Roach  
  151  8:00  Roach  
  151  8:01  Roach  
  151  8:03  Roach  
  151  8:04  Roach  
  159  8:07  Overlord  
  159  8:08  Overlord  
  159  8:11  Zergling x6  
  162  8:19  Pneumatized Carapace  
  162  8:20  Zerg Melee Weapons Level 1  
  162  8:23  Extractor, Drone x2, Spore Crawler  
  162  8:24  Drone x4  
  166  8:27  Spine Crawler  
  166  8:28  Zergling x2  
  166  8:29  Zergling x8  
  170  8:38  Centrifical Hooks  
  170  8:40  Zergling x14  
  177  8:42  Zergling x6  
  177  8:44  Zergling x2  
  177  8:46  Overlord  
  181  8:49  Overlord  
  181  8:59  Baneling x9  
  181  9:01  Zergling x12  
  187  9:03  Overlord  
  187  9:05  Overlord  
  187  9:09  Baneling x12  
  187  9:10  Baneling x3  
  187  9:15  Extractor  
  187  9:16  Infestation Pit  
  185  9:17  Baneling x10  
  185  9:30  Zergling x28  
  193  9:34  Baneling x7  
  193  9:35  Baneling  
  193  9:41  Zergling x10  
  198  9:48  Zergling x4  
  198  9:51  Baneling x7  
  198  9:52  Baneling x5  
  191  10:03  Zergling x18  
  191  10:04  Zergling x2  
  191  10:05  Zergling x4  
  161  10:12  Zergling x4  
  134  10:16  Roach x4  
  134  10:17  Roach  
  134  10:19  Baneling x3  
  132  10:22  Queen, Roach  
  132  10:25  Baneling x7, Roach x2  
  132  10:26  Roach  
  142  10:32  Roach x3  
  142  10:34  Roach  
  151  10:35  Zergling x4  
  151  10:36  Zergling x2  
  151  10:41  Baneling x11  
  154  10:42  Zergling x2  
  154  10:44  Roach  
  136  10:50  Roach x4  
  136  10:51  Roach  
  136  10:53  Zergling x2  
  136  10:54  Zergling x2  
Show
View Real Time Build Order
Export as new Build Order

PtitDrogo Protoss - Winner!

Build Orders: Nexus First, Zealot Archon, Dark Templar Rush 

Get SALT Encoding   

  12  0:00  Unknown  
  12  0:01  Probe (Chrono Boost)  
  13  0:11  Probe (Chrono Boost)  
  14  0:18  Pylon  
  14  0:23  Probe (Chrono Boost)  
  15  0:37  Probe (Chrono Boost)  
  16  0:47  Probe (Chrono Boost)  
  17  1:00  Nexus  
  18  1:04  Probe (Chrono Boost)  
  18  1:13  Gateway  
  18  1:16  Probe (Chrono Boost)  
  19  1:21  Assimilator  
  19  1:27  Probe (Chrono Boost)  
  19  1:29  Assimilator  
  20  1:37  Probe (Chrono Boost)  
  20  1:39  Pylon  
  21  1:48  Probe (Chrono Boost)  
  22  1:58  Probe (Chrono Boost)  
  22  2:00  Cybernetics Core  
  23  2:04  Zealot  
  25  2:09  Probe (Chrono Boost)  
  25  2:12  Probe (Chrono Boost)  
  27  2:20  Probe (Chrono Boost)  
  28  2:23  Probe (Chrono Boost)  
  29  2:30  Probe (Chrono Boost)  
  29  2:32  Probe (Chrono Boost)  
  29  2:36  Stalker (Chrono Boost)  
  33  2:37  Warp Gate  
  33  2:41  Probe  
  33  2:42  Probe  
  35  2:48  Twilight Council  
  35  2:53  Probe x2  
  37  3:01  Robotics Facility  
  37  3:04  Probe (Chrono Boost)  
  37  3:05  Probe (Chrono Boost)  
  39  3:15  Probe (Chrono Boost)  
  39  3:17  Pylon  
  39  3:18  Probe (Chrono Boost)  
  41  3:23  Assimilator  
  41  3:26  Probe (Chrono Boost)  
  42  3:28  Probe (Chrono Boost)  
  42  3:32  Dark Shrine  
  43  3:36  Gateway  
  43  3:38  Probe (Chrono Boost), Gateway  
  43  3:39  Probe (Chrono Boost)  
  45  3:44  Gateway  
  45  3:48  Probe (Chrono Boost)  
  45  3:52  Warp Prism (Chrono Boost)  
  48  3:56  Mothership Core  
  48  3:59  Probe  
  48  4:00  Pylon  
  51  4:10  Probe, Pylon  
  51  4:15  Pylon  
  52  4:17  Probe  
  52  4:20  Probe  
  56  4:24  Warp Prism (Chrono Boost)  
  56  4:30  Probe  
  57  4:39  Pylon  
  57  4:40  Probe  
  57  4:42  Probe  
  59  4:46  Dark Templar x2  
  59  4:47  Dark Templar x2  
  59  4:51  Probe, Archon x2  
  67  4:55  Probe  
  67  4:58  Nexus  
  69  5:05  Probe  
  71  5:07  Probe  
  71  5:10  Pylon  
  71  5:21  Zealot x4  
  71  5:39  Probe  
  71  5:40  Probe  
  73  5:45  Dark Templar x2  
  73  5:46  Dark Templar x2  
  81  5:51  Probe x2  
  83  5:58  Immortal (Chrono Boost)  
  83  6:01  Probe  
  88  6:05  Probe  
  85  6:12  Probe x2  
  85  6:15  Assimilator  
  85  6:17  Forge, Probe, Assimilator  
  88  6:22  Archon  
  88  6:23  Probe  
  88  6:24  Probe  
  89  6:27  Dark Templar x2  
  89  6:29  Probe  
  89  6:32  Gateway  
  95  6:33  Probe, Gateway  
  95  6:34  Archon  
  95  6:35  Probe  
  95  6:36  Gateway  
  95  6:39  Pylon, Gateway  
  97  6:41  Probe  
  97  6:44  Probe  
  97  6:45  Probe  
  95  6:49  Immortal (Chrono Boost)  
  95  6:53  Probe  
  101  6:54  Probe  
  102  7:03  Protoss Ground Weapons Level 1 (Chrono Boost)  
  102  7:07  Photon Cannon  
  105  7:09  Photon Cannon  
  105  7:12  Photon Cannon  
  105  7:13  Photon Cannon, Sentry  
  105  7:14  Zealot x2, Sentry  
  105  7:15  Pylon  
  111  7:20  Immortal  
  110  7:23  Gateway  
  110  7:24  Gateway  
  114  7:40  Templar Archives  
  114  7:47  Nexus  
  114  7:50  Pylon  
  114  7:53  Probe  
  114  7:55  Zealot x2  
  114  7:56  Zealot x3  
  125  7:59  Pylon  
  125  8:01  Pylon  
  125  8:03  Photon Cannon, Immortal  
  125  8:06  Pylon x2  
  125  8:08  Pylon  
  129  8:14  Zealot  
  129  8:15  Zealot  
  129  8:17  Pylon  
  129  8:18  Pylon  
  132  8:23  Pylon x2  
  132  8:25  Charge (Chrono Boost), Pylon  
  132  8:30  High Templar x4  
  132  8:31  Zealot x2  
  144  8:34  Archon x2  
  144  8:46  High Templar x2  
  144  8:47  Zealot x2  
  152  8:50  Immortal  
  152  8:51  Archon  
  152  8:54  Nexus  
  156  8:56  Pylon  
  156  9:11  Pylon  
  156  9:13  Pylon  
  156  9:15  Zealot x8  
  172  9:20  Photon Cannon x2  
  172  9:22  Photon Cannon  
  172  9:24  Immortal  
  170  9:30  Zealot x2  
  173  9:36  Zealot x6  
  173  9:37  Zealot x2  
  189  9:42  Pylon  
  189  9:43  Pylon  
  189  9:45  Pylon  
  189  9:58  Immortal  
  187  10:00  Nexus  
  187  10:01  Pylon  
  187  10:03  Pylon  
  187  10:04  Zealot  
  187  10:05  Zealot x8  
  175  10:12  Zealot  
  167  10:22  Photon Cannon  
  167  10:23  Photon Cannon  
  167  10:25  Photon Cannon  
  167  10:32  Immortal  
  167  10:33  High Templar x5  
  167  10:34  High Templar  
  167  10:35  Zealot x3  
  185  10:37  Archon  
  185  10:38  Archon x2  
  127  11:10  Zealot x8  
  127  11:11  Zealot x2  
Tags
 
Add a new tag
Caveats
  • Supply blocks, unpowered buildings, or Contaminate may cause inaccurate times.
  • Supply counts are checked every 10 seconds.